 Dungeon Crawl Stone Soup version 0.27.1-4-g1640c2035a (webtiles) character file.

Game seed: 1993607995662108030

6661 Stomo444 the Eye of the Storm (level 10, 0/71 HPs)
             Began as a Demonspawn Fighter on Nov 13, 2021.
             Was a Priest of Qazlal.
             Killed by divine providence
             ... invoked by an orc priest
              (14 damage)
             ... on level 10 of the Dungeon.
             The game lasted 00:22:55 (10675 turns).

Stomo444 the Eye of the Storm (Demonspawn Fighter) Turns: 10675, Time: 00:22:56

Health: 0/71       AC: 18    Str: 22 (23) XL:     10   Next: 73%
Magic:  16/16      EV: 10    Int: 10 (13) God:    Qazlal [***...]
Gold:   344        SH:  0    Dex: 16 (18) Spells: 9/9 levels left

rFire    . . .     SeeInvis +   j - +2 flail (vorpal)
rCold    . . .     Faith    .   x - +2 tower shield
rNeg     . . .     Spirit   .   v - +7 ring mail of Kaveylo {rElec Str+4}
rPois    .         Reflect  +   (no helmet)
rElec    +         Harm     .   B - +0 cloak
rCorr    .         Rampage  .   (no gloves)
Will     .....                  u - +2 pair of boots
Stlth    +.........             f - amulet of reflection
HPRegen  0.21/turn              d - ring of see invisible
MPRegen  0.15/turn              (no ring)

@: confused, silenced, ambrosia-drunk
A: talons 1, thin skeletal structure 2, condensation shield, demonic magic 1,
clever 2, frail 1
a: Renounce Religion


You were on level 10 of the Dungeon.
You worshipped Qazlal.
Qazlal was most pleased with you.
You visited 1 branch of the dungeon, and saw 10 of its levels.

You collected 344 gold pieces.

Inventory:

Hand Weapons
 a - a +0 flail
 j - a +2 vorpal flail (weapon)
 z - a +2 whip of electrocution
 G - a +4 whip
Armour
 b - a +0 scale mail
 c - a +0 kite shield
 g - a +3 chain mail
 q - a +0 pair of boots
 u - a +2 pair of boots (worn)
 v - the +7 ring mail of Kaveylo (worn) {rElec Str+4}
   (You found it on level 7 of the Dungeon)

   Str:       It affects your strength (+4).
   rElec:     It insulates you from electricity.
 x - a +2 tower shield (worn)
 y - +2 steam dragon scales
 B - a +0 cloak (worn)
 C - +0 acid dragon scales
Jewellery
 d - a ring of see invisible (left hand)
 f - an amulet of reflection (around neck)
 D - a ring of wizardry
 E - an amulet of faith
Wands
 m - a wand of iceblast (10)
 o - a wand of flame (35)
 s - a wand of digging (5)
Scrolls
 e - 13 scrolls of identify
 k - 2 scrolls of amnesia
 l - a scroll of immolation
 p - 2 scrolls of teleportation
 A - 2 scrolls of enchant weapon
Potions
 h - a potion of heal wounds
 i - 10 potions of curing


   Skills:
 + Level 7.4 Fighting
 + Level 6.4 Maces & Flails
 + Level 6.8 Armour
 + Level 6.1 Dodging
 + Level 6.9 Shields
 + Level 8.0 Invocations


You had 9 spell levels left.
You didn't know any spells.
Your spell library contained the following spells:

 Spells                   Type           Power      Damage    Failure   Level
 Magic Dart               Conj           0%         1d3       99%         1
 Call Imp                 Summ           0%         N/A       100%        2
 Passwall                 Tmut/Erth      0%         N/A       100%        2
 Call Canine Familiar     Summ           0%         N/A       100%        3
 Mephitic Cloud           Conj/Pois/Air  0%         N/A       100%        3
 Portal Projectile        Hex/Tloc       0%         N/A       100%        3
 Swiftness                Air            0%         N/A       100%        3
 Leda's Liquefaction      Hex/Erth       0%         N/A       100%        4
 Alistair's Intoxication  Tmut/Pois      0%         N/A       100%        5
 Borgnjor's Vile Clutch   Necr/Erth      0%         N/A       100%        5
 Eringya's Noxious Bog    Tmut/Pois      0%         N/A       100%        6
 Invisibility             Hex            0%         N/A       100%        6


Dungeon Overview and Level Annotations

Branches:
Dungeon (10/15)            Temple (0/1) D:7            Lair (0/6) D:8
    Orc: D:9-12

Altars:
Cheibriados
Elyvilon
Gozag
Qazlal
Ru
Vehumet
The Shining One

Annotations:
D:8 3 runed translucent doors, seaofthunder's ghost, novice HOFi
D:10 Erolcha


Innate Abilities, Weirdness & Mutations

You have sharp toenails.
You have a moderately thin skeletal structure. (Dex +4, Stealth++)
A meltable shield of frost defends you. (SH +4)
Spells you cast may paralyse adjacent enemies.
Your mind is very acute. (Int +4)
You are frail. (-10% HP)


Message History

Qazlal accepts your kill.
You can now give life to nearby clouds.
The spectral orc warrior disappears in a puff of smoke!
The spectral orc disappears in a puff of smoke!
The spectral orc warrior disappears in a puff of smoke!
The spectral orc disappears in a puff of smoke!
Your life force feels restored.
Your Invocations skill increases to level 8!
An orc priest comes into view. It is wielding a +0 hand axe.
You block the troll's attack. x2; The troll claws you but does no damage.
The orc priest mumbles some strange prayers to Beogh against you.
Pain shoots through your body!
* * * LOW HITPOINT WARNING * * *
Things that are here:
a +0 dagger; a +0 robe; the orc corpse of Nergalle
As you read the scroll of silence, it crumbles to dust.
A profound silence engulfs you. You block the troll's attack.
The troll claws you.
* * * LOW HITPOINT WARNING * * *
You block the troll's attack.
Unknown command.
An orc priest comes into view. It is wielding a +0 club.
You block the troll's attack. x3
You block the troll's attack. x2; The troll completely misses you.
You block the orc priest's attack.
It was a potion of mutation.
You feel extremely strange.
You feel frail.
You feel clever. x2
You block Erolcha's attack.
Unknown command.
It was a potion of degeneration.
There was something very wrong with that liquid.
You feel weakened.
You feel dopey.
You feel clumsy. You block Erolcha's attack.
The orc priest calls down the wrath of Beogh upon you.
Beogh smites you!
* * * LOW HITPOINT WARNING * * *
You are confused.
You feel invigorated. Erolcha barely misses you.
The orc priest calls down the wrath of Beogh upon you.
Beogh smites you!
You die...

.# #...# #..#
#...# .# #...#
#..# #...# <#
#...# #..# .#
#...# #..# .#
#...# #.. .# #...#
#.. .####...# #.#
........# #.#
........# #@#
........########O#
............o..To#
..........o...o..#
.................#
.......#########)#
.......# #.#
.......# #)#
.......# #)######.


You could see Erolcha, a troll and 2 orc priests.

Vanquished Creatures
  A two-headed ogre (D:9)
  Nergalle (D:10)
  An elephant (D:7)
  Maggie (D:10)
  An unseen horror (shapeshifter) (D:8)
  2 wraiths
  A wyvern (D:8)
  5 yaks (D:9)
  A vampire mosquito (D:9)
  A basilisk (D:9)
  A water moccasin (D:7)
  An acid dragon (D:8)
  2 black bears (D:8)
  2 orc warriors
  A necrophage (D:4)
  A sky beast (D:6)
  5 centaurs
  An ogre (D:5)
  5 kobold brigands
  2 bullfrogs
  A gnoll sergeant (D:8)
  2 scorpions (D:6)
  A water moccasin zombie (D:6)
  A wyvern skeleton (D:4)
  4 wights (D:7)
  A howler monkey (D:7)
  2 electric eels (D:6)
  An iron imp (D:9)
  2 jellies
  Crazy Yiuf (D:3)
  2 orc priests
  A hound (D:6)
  A centaur skeleton (D:6)
  2 iguanas
  11 orc wizards
  A killer bee zombie (D:6)
  A hound skeleton (D:5)
  2 howler monkey zombies
  A killer bee simulacrum (D:9)
  8 gnolls
  4 adders
  A howler monkey skeleton (D:6)
  A shadow imp (D:7)
  A white imp (D:8)
  An ufetubus (D:6)
  An adder zombie (D:5)
  2 adder skeletons (D:3)
  A worm (D:2)
  A dart slug (D:1)
  34 orcs
  10 endoplasms
  4 giant cockroaches (D:2)
  9 goblins
  5 hobgoblins
  7 jackals
  21 kobolds
  4 quokkas
  5 ball pythons
  A ball python zombie (D:3)
  7 bats
  4 frilled lizards
  6 rats
212 creatures vanquished.

Vanquished Creatures (others)
  2 kobolds
  5 fungi
  9 plants
16 creatures vanquished.

Grand Total: 228 creatures vanquished

Notes
Turn   | Place    | Note
-------+----------+-------------------------------------------
     0 | D:1      | Stomo444 the Demonspawn Fighter began the quest for the
                  | Orb.
     0 | D:1      | Reached XP level 1. HP: 18/18 MP: 1/1
   223 | D:1      | Gained mutation: You have a somewhat thin skeletal
                  | structure. (Dex +2, Stealth+) [demonic ancestry]
   223 | D:1      | Reached XP level 2. HP: 23/24 MP: 2/2
   604 | D:1      | Found a faded altar of an unknown god.
  1091 | D:2      | Gained mutation: You have sharp toenails. [demonic
                  | ancestry]
  1091 | D:2      | Reached XP level 3. HP: 26/29 MP: 3/3
  1097 | D:2      | Reached skill level 1 in Dodging
  1197 | D:2      | Gained mutation: You have a moderately thin skeletal
                  | structure. (Dex +4, Stealth++) [demonic ancestry]
  1197 | D:2      | Reached XP level 4. HP: 35/35 MP: 4/4
  2279 | D:3      | Reached XP level 5. HP: 42/42 MP: 5/5
  2885 | D:3      | Found a runed translucent door.
  2886 | D:3      | Noticed Crazy Yiuf
  2895 | D:3      | Killed Crazy Yiuf
  3153 | D:4      | Found a stormy altar of Qazlal.
  3176 | D:4      | Reached XP level 6. HP: 46/48 MP: 6/6
  3204 | D:4      | Became a worshipper of Qazlal Stormbringer
  3372 | D:4      | Reached skill level 1 in Invocations
  3754 | D:5      | Entered Level 5 of the Dungeon
  3970 | D:5      | Reached XP level 7. HP: 37/55 MP: 8/8
  4323 | D:5      | Reached skill level 2 in Invocations
  4324 | D:5      | Found a radiant altar of Vehumet.
  4525 | D:5      | Found a sacrificial altar of Ru.
  4798 | D:6      | Reached * piety under Qazlal
  5028 | D:6      | Reached skill level 3 in Invocations
  5079 | D:6      | Gained mutation: A meltable shield of frost defends you.
                  | (SH +4) [demonic ancestry]
  5079 | D:6      | Reached XP level 8. HP: 30/61 MP: 10/10
  5381 | D:6      | Reached skill level 5 in Fighting
  5725 | D:6      | Reached skill level 4 in Invocations
  6494 | D:7      | Found a staircase to the Ecumenical Temple.
  6495 | D:7      | Identified the +7 ring mail of Kaveylo {rElec Str+4}
  6534 | D:7      | Reached skill level 5 in Shields
  6547 | D:7      | Reached skill level 5 in Armour
  6651 | D:7      | Reached skill level 5 in Invocations
  6802 | D:7      | Reached XP level 9. HP: 68/69 MP: 12/12
  7055 | D:8      | Noticed an elephant
  7290 | D:8      | Found a runed translucent gate.
  7291 | D:8      | Found a runed translucent gate.
  7293 | D:8      | Found a runed translucent gate.
  7295 | D:8      | Found an opulent altar of Gozag.
  7296 | D:8      | Noticed a freezing wraith
  7298 | D:8      | Noticed seaofthunder's ghost (novice HOFi)
  7367 | D:8      | Reached ** piety under Qazlal
  7525 | D:8      | Reached skill level 5 in Maces & Flails
  7600 | D:8      | Noticed a tyrant leech
  7622 | D:8      | Found a staircase to the Lair.
  7789 | D:8      | Reached skill level 6 in Invocations
  8137 | D:8      | Noticed a glowing orange brain
  8147 | D:7      | Killed an elephant
  8148 | D:7      | Reached skill level 5 in Dodging
  8433 | D:8      | Noticed an orb spider
  8435 | D:8      | Noticed a polar bear
  8435 | D:8      | an orb spider changed into a polar bear
  8445 | D:8      | Noticed an unseen horror
  8445 | D:8      | a polar bear changed into an unseen horror
  8448 | D:8      | Killed an unseen horror
  9024 | D:9      | Gained mutation: Spells you cast may paralyse adjacent
                  | enemies. [demonic ancestry]
  9024 | D:9      | Reached XP level 10. HP: 57/77 MP: 15/15
  9047 | D:9      | Reached skill level 7 in Invocations
  9238 | D:9      | Found a snail-covered altar of Cheibriados.
  9461 | D:9      | Noticed a two-headed ogre
  9472 | D:9      | Killed a two-headed ogre
  9498 | D:9      | Found the +8 glaive of the Guard {elec, spectral, AC+5}
  9729 | D:10     | Entered Level 10 of the Dungeon
 10186 | D:10     | Noticed Nergalle
 10188 | D:10     | Noticed Maggie
 10573 | D:10     | Killed Maggie
 10642 | D:10     | Noticed Erolcha
 10665 | D:10     | Killed Nergalle
 10665 | D:10     | Reached *** piety under Qazlal
 10666 | D:10     | Reached skill level 8 in Invocations
 10673 | D:10     | Gained mutation: You are frail. (-10% HP) [potion of
                  | mutation]
 10673 | D:10     | Gained mutation: Your mind is acute. (Int +2) [potion of
                  | mutation]
 10673 | D:10     | Gained mutation: Your mind is very acute. (Int +4) [potion
                  | of mutation]
 10675 | D:10     | Killed from afar by an orc priest

Illustrated notes

Levels and vault maps discovered:
D:1:      evilmike_arrival_rings, layout_basic,
          shapermc_ecumenical_altar_mp_vishouse
D:2:      layout_loops_cross
D:3:      layout_loops_corners, serial_undead, serial_undead_a, serial_undead_a,
          serial_undead_c, serial_undead_b, uniq_crazy_yiuf_cottage
D:4:      layout_rooms, nicolae_qazlal_scattered_showers
D:5:      layout_loops_ring, nicolae_ru_the_path_less_chosen,
          nicolae_vehumet_radiance, hex_tiny
D:6:      layout_basic, serial_bayou_ford_a
D:7:      layout_loops_corners, mainiacjoe_overflow_24_doors,
          minmay_temple_entry_from_below_a
D:8:      layout_basic, tso_altar, david_lair_generic, ebering_ghost_gozag,
          minivault_19
D:9:      layout_loops_ring, slow_altar_2, amcnicky_mini_corridor_feature,
          minivault_23, hangedman_abyss_or_decor_stabs, minmay_diamond_spiral
D:10:     layout_long_grid, uniq_nergalle, uniq_maggie, uniq_erolcha

Skill      XL: |  1  2  3  4  5  6  7  8  9 10 |
---------------+-------------------------------+-----
Maces & Flails | 2 3 4 5 6 |  6.4
Armour         | 3 4 5 6 |  6.8
Shields        | 3 4 5 6 |  6.9
Dodging        | 1 2 3 4 5 6 |  6.1
Fighting       | 4 5 6 7 |  7.4
Invocations    | 1 3 5 6 8 |  8.0

Action                   |  1- 3 |  4- 6 |  7- 9 | 10-12 || total
-------------------------+-------+-------+-------+-------++-------
Melee: Flail             |    69 |   193 |   358 |   150 ||   770
       Kick              |     2 |    59 |    42 |       ||   103
  Use: Scroll            |       |    10 |     4 |     5 ||    19
       Potion            |       |     1 |     1 |     5 ||     7
Armor: Scale mail        |    14 |       |       |       ||    14
       Chain mail        |    12 |    75 |    59 |       ||   146
       Ring mail         |       |       |    41 |    37 ||    78
Dodge: Dodged            |    12 |    32 |    47 |    40 ||   131
Block: Kite shield       |    58 |   157 |   153 |       ||   368
       Reflection        |     1 |     4 |    26 |     4 ||    35
       Tower shield      |       |       |   289 |   236 ||   525
